 Dungeon Crawl Stone Soup version 0.31-a0-1-g4198be8af4 (webtiles) character file.

Game seed: 5834450166196244449

97 Jarnaxa the Gusty (level 4, -3/24 HPs)
             Began as a Deep Elf Air Elementalist on May 2, 2023.
             Slain by a gnoll
             ... wielding a +0 flail
              (4 damage)
             ... on level 2 of the Dungeon.
             The game lasted 00:06:57 (1649 turns).

Jarnaxa the Gusty (Deep Elf Air Elementalist)       Turns: 1649, Time: 00:06:59

Health: -3/24      AC:  6    Str:  5    XL:     4   Next: 42%
Magic:  1/12       EV: 12    Int: 22    God:
Gold:   57         SH:  0    Dex: 15    Spells: 5/11 levels left

rFire   . . .        i - +0 short sword
rCold   . . .        (no shield)
rNeg    . . .        a - +0 robe
rPois   .            (no helmet)
rElec   .            (no cloak)
rCorr   .            (no gloves)
SInv    .            (no boots)
Will    .....        (no amulet)
Stlth   ++           j - +4 ring of protection
HPRegen 0.24/turn    (no ring)
MPRegen 0.13/turn

%: no passive effects
@: no status effects
A: no striking features
a: no special abilities


You were on level 2 of the Dungeon.
You visited 1 branch of the dungeon, and saw 2 of its levels.

You collected 81 gold pieces.
You spent 24 gold pieces at shops.

Inventory:

Hand Weapons
 i - a +0 short sword (weapon)
Armour
 a - a +0 robe (worn)
Jewellery
 j - a +4 ring of protection (left hand)
Scrolls
 c - 3 scrolls of teleportation {unknown}
 e - 2 scrolls of immolation {unknown}
 f - a scroll of identify
 g - a scroll of enchant weapon {unknown}
Potions
 b - 2 potions of magic
 d - 3 potions of brilliance {unknown}
 h - 2 potions of heal wounds {unknown}


   Skills:
 - Level 2.6 Dodging
 - Level 2.5 Stealth
 + Level 4.1 Spellcasting
 + Level 2.4 Conjurations
 + Level 4.1 Air Magic


You had 5 spell levels left.
You knew the following spells:

 Your Spells              Type           Power      Damage    Failure   Level
a - Shock                 Conj/Air       76%        1d7       2%          1
b - Static Discharge      Conj/Air       38%        2-4/arc   4%          2
c - Swiftness             Air            22%        N/A       6%          3

Your spell library contained the following spells:

 Spells                   Type           Power      Damage    Failure   Level
 Airstrike                Air            11%        2d(2-18)  21%         4


Dungeon Overview and Level Annotations

Branches:
Dungeon (2/15)

Altars:
The Shining One

Shops:
D:1 ?


Message History

The zap hits the gnoll.
The gnoll is severely wounded.
The gnoll drinks a potion.
The gnoll is healed!
Casting: Shock (safe; 2% risk of failure)
Confirm with . or Enter, or press ? or * to list all spells.
Aiming: Shock (safe; 2% risk of failure)
Press: ? - help, Shift-Dir - straight line, f/p - gnoll
Aim: a gnoll, wielding a +0 flail (75% to hit)
The zap hits the gnoll.
The gnoll is lightly wounded.
Casting: Shock (safe; 2% risk of failure)
Confirm with . or Enter, or press ? or * to list all spells.
Aiming: Shock (safe; 2% risk of failure)
Press: ? - help, Shift-Dir - straight line, f/p - gnoll
Aim: a gnoll, wielding a +0 flail (lightly wounded, 75% to hit)
The zap misses the gnoll.
Casting: Shock (safe; 2% risk of failure)
Confirm with . or Enter, or press ? or * to list all spells.
Aiming: Shock (safe; 2% risk of failure)
Press: ? - help, Shift-Dir - straight line, f/p - gnoll
Aim: a gnoll, wielding a +0 flail (lightly wounded, 75% to hit)
The zap hits the gnoll.
The gnoll is severely wounded.
The gnoll barely misses you.
Casting: Shock (safe; 2% risk of failure)
Confirm with . or Enter, or press ? or * to list all spells.
The gnoll is struck by an arc of lightning.
The gnoll is almost dead.
You are struck by an arc of lightning.
* * * LOW HITPOINT WARNING * * *
The lightning grounds out.
The gnoll closely misses you.
Casting: Static Discharge (safe; 4% risk of failure)
Confirm with . or Enter, or press ? or * to list all spells.
Aiming: Shock (safe; 2% risk of failure)
Press: ? - help, Shift-Dir - straight line, f/p - gnoll
Aim: a gnoll, wielding a +0 flail (almost dead, 75% to hit)
The zap hits the gnoll.
The gnoll is almost dead.
The gnoll hits you with a +0 flail.
You die...

.........#...§#...#
.........#..#≈≈≈..#
..#......#..≈§§#§.#
..#...#.##...#≈...#
..#...####........#
[.....#####......## #
..........###'######.#..
..##..####.#............
.###..# #.#.#..@g......
.###..####.#.#.##.......
#..........#.#.# .##....
#....[...#...#.# .# ...
.....<...#...#.# .# .
#........#...#.# .#
.#.......#..÷... ..
.#.......#...#.# .#
.#.......#...#.#


You could see a gnoll.

Vanquished Creatures
  Natasha (D:2)
  An adder (D:2)
  2 gnolls (D:2)
  A dart slug (D:1)
  4 ball pythons
  2 bats (D:1)
  4 endoplasms
  3 giant cockroaches (D:1)
  5 goblins
  8 hobgoblins
  A quokka (D:1)
  2 frilled lizards
  3 kobolds (D:1)
  4 rats
41 creatures vanquished.

Notes
Turn   | Place    | Note
-------+----------+-------------------------------------------
     0 | D:1      | Jarnaxa the Deep Elf Air Elementalist began the quest for
                  | the Orb.
     0 | D:1      | Reached XP level 1. HP: 10/10 MP: 6/6
   244 | D:1      | Reached XP level 2. HP: 15/15 MP: 5/8
   689 | D:1      | Found Ifumoset's Magic Scroll Boutique.
   704 | D:1      | Bought a scroll of identify for 24 gold pieces
   809 | D:1      | Reached XP level 3. HP: 19/19 MP: 5/9
  1003 | D:1      | Found a faded altar of an unknown god.
  1282 | D:2      | Noticed Natasha
  1288 | D:2      | Killed Natasha
  1342 | D:2      | Found a glowing golden altar of the Shining One.
  1418 | D:2      | Reached XP level 4. HP: 24/24 MP: 8/11
  1507 | D:2      | Learned a level 2 spell: Static Discharge
  1511 | D:2      | Learned a level 3 spell: Swiftness
  1648 | D:2      | HP: 1/24 [/static electricity (3)]
  1649 | D:2      | Slain by a gnoll

Illustrated notes

Levels and vault maps discovered:
D:1:      matt_arrival_debris, layout_loops_ring,
          hellmonk_ecumenical_altar_defaced_shrine, serial_shops,
          nicolae_shop_tiny_glass
D:2:      layout_basic, basic_altar, serial_shops, shop,
          kennysheep_another_room, uniq_natasha, uniq_crazy_yiuf_cottage

Skill      XL: |  1  2  3  4 |
---------------+-------------+-----
Conjurations   | 2 |  2.4
Air Magic      | 4 |  4.1
Spellcasting   | 4 |  4.1
Dodging        | |  2.6
Stealth        | |  2.5

Action                     |  1- 3 |  4- 6 || total
---------------------------+-------+-------++-------
   Cast: Shock             |    65 |    29 ||    94
         Static Discharge  |       |     5 ||     5
    Use: Potion            |       |     1 ||     1
 Armour: Robe              |     3 |     2 ||     5
  Dodge: Dodged            |     8 |     4 ||    12

Table legend: (Time is in decaauts)
 A = Elapsed time spent in this place.
 B = Non-inter-level travel time spent in this place.
 C = Inter-level travel time spent in this place.
 D = Time resting spent in this place.
 E = Time spent auto-exploring this place.
 F = Levels seen in this place.
 G = Mean time per level.
                   A        B        C        D        E       F      G
               +--------+--------+--------+--------+--------+-----+--------+
         Total |   1647 |   1586 |     61 |      0 |   1305 |   2 |  823.5 |
       Dungeon |   1647 |   1586 |     61 |      0 |   1305 |   2 |  823.5 |
               +--------+--------+--------+--------+--------+-----+--------+

Top non-repeatable levels by time:
     D:1: 1220 daAuts
     D:2: 427 daAuts
